 Dungeon Crawl Stone Soup version 0.31-a0-1074-g0b22e4e0f1 (webtiles) character file.

Game seed: 5057046424129800504

1705 hikkokomori the Firebug (level 8, -2/65 (69) HPs)
             Began as a Hill Orc Fire Elementalist on Dec 4, 2023.
             Was an Elder of Ru.
             Slain by a gnoll sergeant
             ... wielding a +2 spear of freezing
              (3 damage)
             ... on level 7 of the Dungeon on Dec 5, 2023.
             The game lasted 00:25:08 (8384 turns).

hikkokomori the Firebug (HOFE)                      Turns: 8384, Time: 00:25:09

HP:   -2/65 (69)    AC:  3    Str: 11    XL:     8   Next: 3%
MP:   9/14          EV: 12    Int: 17    God:    Ru [****..]
Gold: 248           SH:  0    Dex: 11    Spells: 7/15 levels left

rFire   . . .        s - +2 dagger (drain)
rCold   . . .        (shield unavailable)
rNeg    . . .        a - +0 robe
rPois   .            u - +0 helmet
rElec   .            (no cloak)
rCorr   .            (no gloves)
SInv    .            (no boots)
Will    .....        n - amulet of faith
Stlth   +++          (ring unavailable)
HPRegen 0.30/turn    f - ring of flight
MPRegen 0.14/turn

%: faith
@: exhausted, flying, drained
A: missing a hand, inexperienced 1
a: Renounce Religion, Draw Out Power, Power Leap


You were on level 7 of the Dungeon.
You worshipped Ru.
Ru was greatly pleased with you.
You visited 1 branch of the dungeon, and saw 7 of its levels.
You also visited: Sewer.

You collected 248 gold pieces.

Inventory:

Hand Weapons
 d - a +0 dagger
 h - a +0 sling
 s - a +2 dagger of draining (weapon)
 F - a +4 falchion
Missiles
 l - 21 poisoned darts
 v - 3 curare-tipped darts
Armour
 a - a +0 robe (worn)
 u - a +0 helmet (worn)
Magical Staves
 e - a staff of fire
 C - a staff of fire
Jewellery
 f - a ring of flight (right hand)
 n - an amulet of faith (around neck)
 y - an amulet of the acrobat
Wands
 t - a wand of flame (14)
 x - a wand of paralysis (8)
 z - a wand of quicksilver (2)
 B - a wand of polymorph (8)
Scrolls
 g - a scroll of vulnerability {unknown}
 i - a scroll of fear
 j - 3 scrolls of noise
 m - 3 scrolls of revelation
 p - a scroll of fog {unknown}
 q - a scroll of enchant weapon
 E - a scroll of immolation
Potions
 b - 4 potions of magic
 c - 2 potions of mutation
 k - 2 potions of resistance
 o - a potion of cancellation
 r - a potion of heal wounds
 w - a potion of brilliance
 A - 4 potions of might
 D - a potion of enlightenment {unknown}


   Skills:
 + Level 5.6 Fighting
 - Level 1.7 Dodging
 + Level 4.8 Stealth
 + Level 4.1 Spellcasting
 - Level 3.7 Conjurations
 - Level 2.1 Translocations
 + Level 6.4 Fire Magic
 + Level 0.0 Evocations


You had 7 spell levels left.
You knew the following spells:

 Your Spells              Type           Power      Damage    Failure   Level
a - Foxfire               Conj/Fire      80%        2x1d8     1%          1
b - Scorch                Fire           50%        2d7       1%          2
c - Blink                 Tloc           20%        N/A       10%         2
d - Volatile Blastmotes   Fire/Tloc      36%        2d13      9%          3

Your spell library contained the following spells:

 Spells                   Type           Power      Damage    Failure   Level
 Inner Flame              Hex/Fire       14%        N/A       13%         3
 Flame Wave               Conj/Fire      20%        2d7       19%         4
 Cigotuvi's Dreadful Rot  Necr/Pois/Air  6%         N/A       24%         2
 Sublimation of Blood     Necr           3%         N/A       24%         2
 Wereblood                Tmut           3%         N/A       24%         2
 Iskenderun's Mystic Bla  Conj/Tloc      13%        2d5       41%         4
 Tukima's Dance           Hex            3%         N/A       43%         3
 Manifold Assault         Tloc           10%        N/A       54%         4
 Dimensional Bullseye     Hex/Tloc       3%         N/A       69%         4
 Dispel Undead            Necr           3%         3d7       83%         4
 Death Channel            Necr           1%         N/A       100%        6
 Summon Hydra             Summ           1%         N/A       100%        7


Dungeon Overview and Level Annotations

Branches:
Dungeon (7/15)             Temple (0/1) D:5           Sewer (visited)

Altars:
Fedhas
Kikubaaqudgha
Ru
Uskayaw

Shops:
D:4 *   D:7 ?


Innate Abilities, Weirdness & Mutations

You are missing a hand.
You are somewhat inexperienced. (-1 XL)


Message History

The gnoll sergeant hits you from afar with a +2 spear of freezing!
The gnoll sergeant freezes you.
You focus your inner power and blind the gnoll sergeant in retribution!
Aiming: Paralyse
Press: ? - help, Shift-Dir - straight line, f/p - gnoll
Aim: a gnoll, wielding a +0 spear (almost dead, chance to affect: 57%)
The gnoll sergeant resists with some effort.
The gnoll sergeant barely misses you.
Unknown command.
The gnoll sergeant hits you with a +2 spear of freezing.
* * * LOW HITPOINT WARNING * * *
The gnoll sergeant freezes you.
* * * LOW HITPOINT WARNING * * *
The gnoll barely misses you. The gnoll attacks as it pursues you!
The gnoll hits you but does no damage.
You hit the gnoll sergeant but do no damage.
The gnoll sergeant is severely wounded.
The gnoll sergeant is no longer blind.
The gnoll sergeant hits you with a +2 spear of freezing!
* * * LOW HITPOINT WARNING * * *
The gnoll sergeant freezes you.
* * * LOW HITPOINT WARNING * * *
You focus your inner power and blind the gnoll sergeant in retribution!
You are restored by drawing out deep reserves of power within.
You feel drained.
The gnoll hits you from afar with a +0 spear.
The gnoll sergeant hits you with a +2 spear of freezing!
* * * LOW HITPOINT WARNING * * *
The gnoll sergeant freezes you.
* * * LOW HITPOINT WARNING * * *
Aiming: Quicksilver Bolt
Press: ? - help, Shift-Dir - straight line, f/p - gnoll
Aim: a gnoll, wielding a +0 spear (almost dead, 75% to hit)
The bolt of dispelling energy misses the gnoll sergeant.
The bolt of dispelling energy hits the gnoll!
You kill the gnoll!
The gnoll sergeant hits you with a +2 spear of freezing!
* * * LOW HITPOINT WARNING * * *
The gnoll sergeant freezes you.
You die...

#.####)# #......#
## #......# )##
##.[...# ..##
#####.# ...## #.#
....### .#)#
......######...#g#
...............#@#
(........#######.#
..........# #....#
⌠.⌠.......###.####
.∩..........#.#
⌠.⌠......##...#
.........##..##
...........>#######
##......###.).....#


You could see a gnoll sergeant (blind).

Vanquished Creatures
  Sigmund (D:4)
  A sky beast (D:4)
  2 ogres
  3 kobold brigands
  3 scorpions
  2 wights (D:7)
  A jelly (D:5)
  3 hounds (D:5)
  3 orc priests (D:6)
  Crazy Yiuf (D:5)
  4 iguanas
  3 sleepcaps
  4 orc wizards
  4 gnolls (D:7)
  7 adders
  4 river rats (Sewer)
  A shadow imp (D:5)
  5 worms
  4 dart slugs
  18 orcs
  6 ball pythons
  4 bats
  3 endoplasms
  5 giant cockroaches
  8 goblins
  3 hobgoblins
  10 jackals
  3 quokkas
  3 frilled lizards
  14 kobolds
  13 rats
146 creatures vanquished.

Vanquished Creatures (collateral kills)
  2 foxfires (Sewer)
2 creatures vanquished.

Vanquished Creatures (others)
  283 foxfires
283 creatures vanquished.

Grand Total: 431 creatures vanquished

Notes
Turn   | Place    | Note
-------+----------+-------------------------------------------
     0 | D:1      | hikkokomori the Hill Orc Fire Elementalist began the quest
                  | for the Orb.
     0 | D:1      | Reached XP level 1. HP: 14/14 MP: 3/3
   403 | D:1      | Reached XP level 2. HP: 20/20 MP: 4/4
   540 | D:1      | You fall into a shaft and drop 1 floor!
   540 | D:2      | Found a sacrificial altar of Ru.
   553 | D:2      | Became a worshipper of Ru the Awakened
  1183 | D:2      | Reached XP level 3. HP: 27/27 MP: 2/5
  1186 | D:2      | Learned a level 2 spell: Scorch
  1699 | D:2      | Found a faded altar of an unknown god.
  1715 | D:2      | Reached skill level 1 in Fighting
  2363 | D:2      | Reached XP level 4. HP: 25/35 MP: 3/7
  2937 | D:3      | Found a blossoming altar of Fedhas.
  2940 | D:3      | Found an ancient bone altar of Kikubaaqudgha.
  3488 | D:3      | Reached XP level 5. HP: 39/41 MP: 5/8
  3613 | D:4      | Found a glowing drain.
  3643 | Sewer    | Entered a sewer
  3691 | Sewer    | Reached skill level 4 in Fire Magic
  3856 | Sewer    | Noticed a kobold brigand
  3860 | Sewer    | Killed a kobold brigand
  3861 | Sewer    | Reached XP level 6. HP: 50/50 MP: 3/9
  4647 | D:3      | Reached XP level 7. HP: 43/57 MP: 3/11
  4816 | D:4      | Gained mutation: You are somewhat inexperienced. (-1 XL)
                  | [Ru sacrifice]
  4816 | D:4      | Reached XP level 6. HP: 51/51 MP: 10/10
  4816 | D:4      | Reached * piety under Ru
  4945 | D:4      | Found Haf Bebeo's Assorted Antiques.
  4981 | D:4      | Noticed Sigmund
  4992 | D:4      | Reached skill level 5 in Fire Magic
  5097 | D:4      | Killed Sigmund
  5231 | D:4      | Learned a level 2 spell: Blink
  5235 | D:4      | Learned a level 3 spell: Volatile Blastmotes
  5243 | D:4      | Reached XP level 7. HP: 45/59 MP: 3/12
  5616 | D:5      | Entered Level 5 of the Dungeon
  5645 | D:5      | Reached skill level 1 in Translocations
  5950 | D:5      | Found a runed translucent door.
  5951 | D:5      | Noticed Crazy Yiuf
  6149 | D:5      | Found a staircase to the Ecumenical Temple.
  6287 | D:5      | Gained mutation: You are missing a hand. [Ru sacrifice]
  6287 | D:5      | Reached ** piety under Ru
  6287 | D:5      | Reached *** piety under Ru
  6287 | D:5      | Reached **** piety under Ru
  6641 | D:5      | Killed Crazy Yiuf
  7151 | D:6      | Reached skill level 5 in Fighting
  7410 | D:6      | Reached skill level 6 in Fire Magic
  7869 | D:6      | Found a hide-covered altar of Uskayaw.
  8079 | D:7      | Found Loleam's Magic Scroll Shoppe.
  8305 | D:7      | Reached XP level 8. HP: 57/69 MP: 11/14
  8382 | D:7      | HP: 2/69 [gnoll sergeant/+2 spear of freezing (5)]
  8384 | D:7      | Slain by a gnoll sergeant

Illustrated notes

Levels and vault maps discovered:
D:1:      dpeg_arrival_long_road, layout_basic, roderic_roman_lattice,
          skrybe_limestone_x, glass_columns_b
D:2:      layout_basic, basic_ecumenical_altar, basic_altar, minmay_vboxes
D:3:      layout_basic, grunt_temple_overflow_growth_and_decay,
          hangedman_decor_clover_reticule
D:4:      layout_cave_pools, serial_shops, nicolae_shop_overgrown_old_shop,
          cheibrodos_sewer_entry_sluice, solitary_fountain, uniq_sigmund
D:5:      layout_rooms, minmay_temple_entry_arrows, serial_aquarium,
          aquarium_bridge_straight [aquarium_subvault_bridge,
          aquarium_subvault_balcony, aquarium_subvault_bridge,
          aquarium_subvault_balcony], aquarium_bridge_straight
          [aquarium_subvault_bridge, aquarium_subvault_wall,
          aquarium_subvault_bridge, aquarium_subvault_balcony],
          aquarium_window_1, aquarium_window_corridor_1, aquarium_window_1,
          aquarium_window_double, aquarium_view_2f, aquarium_view_2b,
          aquarium_balcony_5b, chequers_avenue, uniq_crazy_yiuf_cottage
D:6:      layout_rooms, eat_drink_and_be_merry_uskayaw,
          eino_small_chamber_without_monster
D:7:      layout_basic, makhleb_blood_cavern_becter,
          nicolae_hepliaklqana_hazy_memory, serial_shops, shop_fountains

Skill      XL: |  1  2  3  4  5  6  7 |
---------------+----------------------+-----
Stealth        | 2 3 4 |  4.8
Fighting       | 1 2 4 5 |  5.6
Spellcasting   | 2 3 4 |  4.1
Conjurations   | 2 3 |  3.7
Fire Magic     | 4 5 6 |  6.4
Translocations | 2 |  2.1
Dodging        | |  1.7

Action                     |  1- 3 |  4- 6 |  7- 9 || total
---------------------------+-------+-------+-------++-------
  Melee: Unarmed           |    19 |       |       ||    19
         Dagger            |    31 |    33 |    32 ||    96
         Punch             |     1 |     1 |     3 ||     5
         Staff             |    32 |    42 |    10 ||    84
   Cast: Foxfire           |    76 |    74 |    38 ||   188
         Scorch            |       |    33 |    54 ||    87
         Volatile Blastmot |       |       |    10 ||    10
 Invoke: Sacrifice Experie |       |     1 |       ||     1
         Draw Out Power    |       |       |     2 ||     2
         Sacrifice a Hand  |       |       |     1 ||     1
  Evoke: Wand              |       |       |     4 ||     4
    Use: Scroll            |     3 |     5 |     4 ||    12
         Potion            |       |     6 |     1 ||     7
   Stab: Sleeping          |     2 |       |     3 ||     5
 Armour: Robe              |    65 |    80 |    63 ||   208
         Skin              |       |       |    15 ||    15
  Dodge: Dodged            |    62 |    81 |    44 ||   187

Table legend: (Time is in decaauts)
 A = Elapsed time spent in this place.
 B = Non-inter-level travel time spent in this place.
 C = Inter-level travel time spent in this place.
 D = Time resting spent in this place.
 E = Time spent auto-exploring this place.
 F = Levels seen in this place.
 G = Mean time per level.
                   A        B        C        D        E       F      G
               +--------+--------+--------+--------+--------+-----+--------+
         Total |   8553 |   8324 |    229 |    813 |   6001 |   8 | 1069.1 |
       Dungeon |   7562 |   7333 |    229 |    813 |   5261 |   7 | 1080.3 |
         Sewer |    990 |    990 |      0 |      0 |    740 |   1 |  990.0 |
               +--------+--------+--------+--------+--------+-----+--------+

Top non-repeatable levels by time:
     D:2: 1504 daAuts
     D:5: 1447 daAuts
     D:3: 1333 daAuts
     D:1: 1036 daAuts
   Sewer: 990 daAuts
     D:6: 978 daAuts
     D:4: 919 daAuts
     D:7: 343 daAuts
